 Dungeon Crawl Stone Soup version 0.32-a0-120-gfac0567ad4 (webtiles) character file.

Game seed: 17858126951965394596

698 pokeman the Thaumaturge (level 7, 0/39 HPs)
             Began as a Deep Elf Hedge Wizard on Feb 6, 2024.
             Slain by an ice beast (14 damage)
             ... on level 6 of the Dungeon.
             The game lasted 00:08:52 (4718 turns).

pokeman the Thaumaturge (Deep Elf Hedge Wizard)     Turns: 4718, Time: 00:08:53

Health: 0/39       AC:  3    Str:  7    XL:     7   Next: 38%
Magic:  11/21      EV: 13    Int: 21    God:
Gold:   209        SH:  0    Dex: 14    Spells: 16/24 levels left

rFire   . . .        l - +0 short sword (venom)
rCold   . . .        (no shield)
rNeg    . . .        b - +0 robe
rPois   .            c - +0 hat
rElec   .            f - +0 cloak
rCorr   .            (no gloves)
SInv    .            (no boots)
Will    .....        (no amulet)
Stlth   ++           (no ring)
HPRegen 0.26/turn    (no ring)
MPRegen 0.17/turn

%: no passive effects
@: no status effects
A: no striking features
a: no special abilities


You were on level 6 of the Dungeon.
You visited 1 branch of the dungeon, and saw 6 of its levels.

You collected 209 gold pieces.

Inventory:

Hand Weapons
 l - a +0 short sword of venom (weapon)
Armour
 b - a +0 robe (worn)
 c - a +0 hat (worn)
 f - a +0 cloak (worn)
Magical Staves
 o - a staff of conjuration
Wands
 m - a wand of flame (42)
 n - a wand of paralysis (20)
Scrolls
 a - 5 scrolls of enchant armour {unknown}
 e - 3 scrolls of enchant weapon {unknown}
 g - 3 scrolls of teleportation {unknown}
 h - 2 scrolls of identify {unknown}
 p - a scroll of immolation {unknown}
Potions
 d - 2 potions of magic
 i - a potion of resistance
 j - a potion of curing {unknown}
 k - a potion of attraction {unknown}
 q - a potion of heal wounds


   Skills:
 + Level 1.6 Fighting
 - Level 1.0 Armour
 - Level 3.1 Dodging
 - Level 3.0 Stealth
 * Level 9.2 Spellcasting
 + Level 3.5 Conjurations
 - Level 1.1 Summonings
 - Level 1.1 Translocations
 - Level 1.1 Air Magic
 - Level 1.0 Alchemy
 - Level 1.0 Evocations


You had 16 spell levels left.
You knew the following spells:

 Your Spells              Type           Power      Damage    Failure   Level
a - Magic Dart            Conj           96%        1d7       1%          1
b - Mephitic Cloud        Conj/Alch/Air  17%        N/A       10%         3
c - Call Imp              Summ           28%        N/A       7%          2
d - Blink                 Tloc           28%        N/A       7%          2

Your spell library contained the following spells:

 Spells                   Type           Power      Damage    Failure   Level
 Freeze                   Ice            36%        1d5       7%          1
 Slow                     Hex            36%        N/A       7%          1
 Cigotuvi's Dreadful Rot  Necr/Alch/Air  24%        N/A       8%          2
 Hailstorm                Conj/Ice       17%        3d6       11%         3
 Confusing Touch          Hex            9%         N/A       22%         3
 Frozen Ramparts          Ice            18%        1d3       22%         3
 Ozocubu's Armour         Ice            9%         N/A       22%         3
 Sigil of Binding         Hex            9%         N/A       22%         3
 Vampiric Draining        Necr           9%         2d6       22%         3
 Metabolic Englaciation   Hex/Ice        4%         N/A       89%         5
 Sculpt Simulacrum        Ice/Alch       5%         N/A       100%        6


Dungeon Overview and Level Annotations

Branches:
Dungeon (7/15)
 Temple: D:4-7

Altars:
Wu Jian

Annotations:
D:3 Grinder
D:4 3 runed translucent doors, elongatedgoose's ghost, amateur MfMo; zenocrate's ghost, amateur KoDe; zenocrate's ghost, weakling DsDe; zenocrate's ghost, weakling KoDe; zenocrate's ghost, weakling TrDe


Message History

Press: ? - help, Shift-Dir - straight line, f - ice beast
Aim: an ice beast (ally target, 100% to hit)
The magic dart hits the ice beast.
The ice beast is moderately wounded.
Your cerulean imp hits the ice beast but does no damage.
Casting: Magic Dart (safe; 1% risk of failure)
Confirm with . or Enter, or press ? or * to list all spells.
Aiming: Magic Dart (safe; 1% risk of failure)
Press: ? - help, Shift-Dir - straight line, f/p - ice beast
Aim: an ice beast (moderately wounded, ally target, 100% to hit)
The magic dart hits the ice beast but does no damage.
The ice beast is moderately wounded.
Your cerulean imp barely misses the ice beast.
Casting: Magic Dart (safe; 1% risk of failure)
Confirm with . or Enter, or press ? or * to list all spells.
Aiming: Magic Dart (safe; 1% risk of failure)
Press: ? - help, Shift-Dir - straight line, f/p - ice beast
Aim: an ice beast (moderately wounded, ally target, 100% to hit)
The magic dart hits the ice beast.
The ice beast is moderately wounded.
Casting: Magic Dart (safe; 1% risk of failure)
Confirm with . or Enter, or press ? or * to list all spells.
Aiming: Magic Dart (safe; 1% risk of failure)
Press: ? - help, Shift-Dir - straight line, f/p - ice beast
Aim: an ice beast (moderately wounded, ally target, 100% to hit)
The magic dart hits the ice beast but does no damage.
The ice beast is moderately wounded.
Casting: Magic Dart (safe; 1% risk of failure)
Confirm with . or Enter, or press ? or * to list all spells.
Aiming: Magic Dart (safe; 1% risk of failure)
Press: ? - help, Shift-Dir - straight line, f/p - ice beast
Aim: an ice beast (moderately wounded, ally target, 100% to hit)
The magic dart hits the ice beast.
The ice beast is heavily wounded.
Unknown command.
You hit the ice beast.
The ice beast is poisoned.
The ice beast is heavily wounded.
Your cerulean imp completely misses the ice beast.
The ice beast hits you. The ice beast freezes you!
You die...

#...# ._. # ### #.#
#.# #.# #.# .#?#.
####.###.########.....
#......#.##...........
#........##...........
#........##.....<.....
###..........5.Y@...#
............#.......#
#############.......#
#########


You could see an ice beast (very poisoned, ally target) and a friendly cerulean
imp (summoned).

Vanquished Creatures
  Sigmund (D:3)
  2 bullfrogs (D:7)
  A scorpion (D:4)
  A bombardier beetle (D:7)
  An iguana (D:4)
  Jessica (D:3)
  An orc wizard (D:4)
  6 adders
  4 ribbon worms
  4 dart slugs
  7 orcs
  5 ball pythons
  A bat (D:1)
  14 endoplasms
  2 giant cockroaches
  10 goblins
  8 hobgoblins
  7 jackals
  8 kobolds
  4 quokkas
  5 frilled lizards
  10 rats
103 creatures vanquished.

Vanquished Creatures (collateral kills)
  A scorpion (D:4)
1 creature vanquished.

Grand Total: 104 creatures vanquished

Notes
Turn   | Place    | Note
-------+----------+-------------------------------------------
     0 | D:1      | pokeman the Deep Elf Hedge Wizard began the quest for the
                  | Orb.
     0 | D:1      | Reached XP level 1. HP: 10/10 MP: 7/7
   141 | D:1      | Reached XP level 2. HP: 16/16 MP: 1/9
   507 | D:1      | Found a faded altar of an unknown god.
   564 | D:1      | Reached skill level 5 in Spellcasting
   741 | D:1      | Reached XP level 3. HP: 20/20 MP: 7/11
   745 | D:1      | Learned a level 3 spell: Mephitic Cloud
   748 | D:1      | Learned a level 2 spell: Call Imp
   751 | D:1      | Learned a level 2 spell: Blink
  1348 | D:2      | Reached skill level 1 in Fighting
  1604 | D:2      | Reached skill level 1 in Armour
  2438 | D:3      | Reached XP level 4. HP: 25/25 MP: 8/13
  2913 | D:3      | Noticed Jessica
  2918 | D:3      | Killed Jessica
  2919 | D:3      | Reached XP level 5. HP: 24/29 MP: 8/15
  3083 | D:3      | Reached skill level 6 in Spellcasting
  3120 | D:3      | Noticed Sigmund
  3121 | D:3      | Noticed Grinder
  3138 | D:3      | Paralysed by Grinder for 3 turns
  3144 | D:3      | Killed Sigmund
  3145 | D:3      | Reached skill level 7 in Spellcasting
  3145 | D:3      | Reached XP level 6. HP: 21/34 MP: 9/18
  3146 | D:3      | Paralysed by Grinder for 3 turns
  3462 | D:3      | Reached skill level 8 in Spellcasting
  3982 | D:4      | Reached skill level 1 in Evocations
  4221 | D:4      | Found a runed translucent gate.
  4222 | D:4      | Found a runed translucent gate.
  4222 | D:4      | Found a runed translucent gate.
  4223 | D:4      | Noticed zenocrate's ghost (weakling KoDe)
  4223 | D:4      | Noticed zenocrate's ghost (weakling TrDe)
  4223 | D:4      | Noticed zenocrate's ghost (weakling DsDe)
  4223 | D:4      | Noticed elongatedgoose's ghost (amateur MfMo)
  4223 | D:4      | Noticed zenocrate's ghost (amateur KoDe)
  4440 | D:4      | Reached skill level 1 in Air Magic
  4446 | D:4      | Reached skill level 1 in Alchemy
  4446 | D:4      | Reached XP level 7. HP: 19/38 MP: 5/21
  4602 | D:4      | You fall into a shaft and drop 3 floors!
  4667 | D:7      | Reached skill level 9 in Spellcasting
  4703 | D:6      | Found an ornate altar of the Wu Jian Council.
  4718 | D:6      | Slain by an ice beast

Illustrated notes

Levels and vault maps discovered:
D:1:      lightli_arrival_statue_moat, layout_loops_ring,
          chequers_ecumenical_altar_simple_redux
D:2:      layout_basic, serial_bayou, serial_bayou_ford_a, serial_bayou_lake_a,
          serial_bayou_pond_a, serial_bayou_pond_d, serial_park_tiny_1
D:3:      minmay_wonky_spiral, layout_basic, minmay_quadrilaterals,
          uniq_grinder, uniq_sigmund, uniq_jessica
D:4:      minmay_recursive_quarters, layout_basic,
          minmay_temple_entry_drinking_statues, gammafunk_ghost_cemetery
D:6:      layout_rooms, pdpol_wu_jian_five_deadly_venoms, uniq_pikel,
          uniq_duvessa
D:7:      layout_loops_cross, gammafunk_ghost_hive, minmay_microvault

Skill      XL: |  1  2  3  4  5  6  7 |
---------------+----------------------+-----
Spellcasting   | 5 7 8 9 |  9.2
Fighting       | 1 |  1.6
Armour         | 1 |  1.0
Conjurations   | 2 3 |  3.5
Stealth        | 3 |  3.0
Dodging        | 3 |  3.1
Evocations     | 1 |  1.0
Air Magic      | 1 |  1.1
Alchemy        | 1 |  1.0
Summonings     | |  1.1
Translocations | |  1.1

Action                     |  1- 3 |  4- 6 |  7- 9 || total
---------------------------+-------+-------+-------++-------
  Melee: Dagger            |     7 |       |       ||     7
         Short sword       |       |    69 |    11 ||    80
         Punch             |       |     5 |     3 ||     8
   Cast: Magic Dart        |   123 |   102 |    13 ||   238
         Mephitic Cloud    |       |     9 |     1 ||    10
         Blink             |       |     2 |     1 ||     3
         Call Imp          |       |     1 |     2 ||     3
    Use: Potion            |       |     2 |       ||     2
   Stab: Confused          |       |     6 |       ||     6
         Sleeping          |       |     1 |       ||     1
 Armour: Robe              |     6 |    42 |     9 ||    57
  Dodge: Dodged            |    11 |    43 |     6 ||    60

Table legend: (Time is in decaauts)
 A = Elapsed time spent in this place.
 B = Non-inter-level travel time spent in this place.
 C = Inter-level travel time spent in this place.
 D = Time resting spent in this place.
 E = Time spent auto-exploring this place.
 F = Levels seen in this place.
 G = Mean time per level.
                   A        B        C        D        E       F      G
               +--------+--------+--------+--------+--------+-----+--------+
         Total |   4762 |   4615 |    147 |    164 |   3774 |   6 |  793.7 |
       Dungeon |   4762 |   4615 |    147 |    164 |   3774 |   6 |  793.7 |
               +--------+--------+--------+--------+--------+-----+--------+

Top non-repeatable levels by time:
     D:3: 1464 daAuts
     D:2: 1246 daAuts
     D:1: 1203 daAuts
     D:4: 733 daAuts
     D:7: 84 daAuts
     D:6: 30 daAuts
